 Dungeon Crawl Stone Soup version 0.26.1-2-gb8aa6d0cf2 (webtiles) character file.

Game seed: 7580963572546984045

12959 Groucho the Unseen (level 11, -3/47 HPs)
             Began as a Spriggan Enchanter on Feb 24, 2021.
             Was a Priest of Kikubaaqudgha.
             Slain by a vault guard
             ... wielding a +1 long sword of holy wrath
              (20 damage)
             ... on level 13 of the Dungeon.
             The game lasted 00:34:04 (22953 turns).

Groucho the Unseen (Spriggan Enchanter)            Turns: 22953, Time: 00:34:05

Health: -3/47      AC:  5    Str: 13    XL:     11   Next: 69%
Magic:  19/26      EV: 24    Int: 20    God:    Kikubaaqudgha [***...]
Gold:   521        SH:  5    Dex: 17    Spells: 11/30 levels left

rFire    . . .     SeeInvis +   f - +2 dagger (speed)
rCold    . . .     Faith    .   (shield restricted)
rNeg     + . .     Spirit   .   b - +0 robe
rPois    .         Reflect  +   h - +2 hat {Int+3}
rElec    .         Harm     .   J - +0 cloak
rCorr    .         Rampage  .   (gloves unavailable)
Will     +....                  (boots unavailable)
Stlth    ++++++....             n - amulet of reflection
HPRegen  0.15/turn              y - +6 ring of strength
MPRegen  0.20/turn              E - ring of positive energy

@: confusing touch, very quick
A: very small, unfitting armour, see invisible, speed 3
a: Renounce Religion, Receive Corpses


You were on level 13 of the Dungeon.
You worshipped Kikubaaqudgha.
Kikubaaqudgha was most pleased with you.
You visited 2 branches of the dungeon, and saw 12 of its levels.

You collected 629 gold pieces.
You spent 108 gold pieces at shops.

Inventory:

Hand Weapons
 a - a +1 dagger
 f - a +2 dagger of speed (weapon)
 i - a +2 dagger of draining
 Q - a +4 short sword
Missiles
 m - 17 curare-tipped darts
 C - 16 boomerangs (quivered)
 G - 6 poisoned darts
 O - 10 atropa-tipped darts
Armour
 b - a +0 robe (worn)
 h - a +2 hat of intelligence (worn)
 A - a +0 buckler
 J - a +0 cloak (worn)
Jewellery
 n - an amulet of reflection (around neck)
 y - a +6 ring of strength (left hand)
 E - a ring of positive energy (right hand)
 F - an uncursed amulet of faith
 T - an uncursed ring of flight {unknown}
Wands
 o - a wand of acid (7)
 K - a wand of iceblast (18)
 S - a wand of digging (12)
 W - a wand of polymorph (6)
Scrolls
 d - 5 scrolls of remove curse
 g - 9 scrolls of identify
 k - 2 scrolls of fear {unknown}
 p - a scroll of random uselessness {unknown}
 q - a scroll of blinking
 s - 2 scrolls of enchant armour {unknown}
 x - 3 scrolls of teleportation {unknown}
 z - 2 scrolls of amnesia {unknown}
 D - a scroll of fog {unknown}
 H - a scroll of noise {unknown}
 I - a scroll of acquirement {unknown}
 L - 3 scrolls of immolation {unknown}
 M - a scroll of torment {unknown}
 N - 3 scrolls of enchant weapon {unknown}
 P - 2 scrolls of magic mapping {unknown}
Potions
 c - a potion of haste
 e - a potion of magic {unknown}
 j - 2 potions of cancellation
 l - 2 potions of degeneration
 r - 2 potions of mutation {unknown}
 t - a potion of invisibility {unknown}
 u - 2 potions of ambrosia {unknown}
 v - 2 potions of might {unknown}
 w - a potion of heal wounds {unknown}
 B - a potion of brilliance
 R - a potion of lignification {unknown}
 U - 2 potions of flight
 V - a potion of curing
 X - a potion of berserk rage {unknown}


   Skills:
 + Level 6.1 Short Blades
 + Level 8.5 Dodging
 + Level 15.5 Stealth
 - Level 10.0 Spellcasting
 + Level 11.9 Hexes
 + Level 5.0 Necromancy


You had 11 spell levels left.
You knew the following spells:

 Your Spells              Type           Power        Failure   Level
a - Corona                Hex            61%          1%          1
b - Ensorcelled Hibernat  Hex/Ice        66%          1%          2
c - Confusing Touch       Hex            55%          1%          3
d - Dazzling Flash        Conj/Hex       66%          1%          3
e - Blink                 Tloc           N/A          11%         2
f - Conjure Flame         Conj/Fire      10%          21%         3
g - Mephitic Cloud        Conj/Pois/Air  10%          21%         3
h - Slow                  Hex            55%          1%          2

Your spell library contained the following spells:

 Spells                   Type           Power        Failure   Level
 Animate Skeleton         Necr           60%          1%          1
 Pain                     Necr           100%         1%          1
 Sublimation of Blood     Necr           15%          1%          2
 Inner Flame              Hex/Fire       33%          1%          3
 Tukima's Dance           Hex            55%          1%          3
 Vampiric Draining        Necr           15%          2%          3
 Foxfire                  Conj/Fire      40%          7%          1
 Magic Dart               Conj           40%          7%          1
 Dispel Undead            Necr           30%          9%          4
 Call Imp                 Summ           10%          11%         2
 Agony                    Necr           30%          24%         5
 Excruciating Wounds      Necr           15%          24%         5
 Sticky Flame             Conj/Fire      10%          56%         4
 Death Channel            Necr           15%          78%         6
 Bolt of Magma            Conj/Fire/Erth 5%           88%         5
 Fireball                 Conj/Fire      5%           88%         5
 Iskenderun's Battlesphe  Conj           10%          88%         5
 Simulacrum               Ice/Necr       10%          98%         6
 Iron Shot                Conj/Erth      5%           100%        6
 Orb of Destruction       Conj           5%           100%        7
 Spellforged Servitor     Conj/Summ      5%           100%        7


Dungeon Overview and Level Annotations

Branches:
Dungeon (13/15)            Temple (1/1) D:4          Vaults (0/5) D:13
   Lair: D:8-11         Orc: D:9-12

Altars:
Ashenzari
Cheibriados
Elyvilon
Fedhas
Gozag
Hepliaklqana
Kikubaaqudgha
Makhleb
Nemelex Xobeh
Qazlal
Ru
Sif Muna
Trog
Uskayaw
Vehumet
Wu Jian
Xom
Yredelemnul
Zin
The Shining One

Shops:
D:5 [!   D:9 }

Annotations:
D:5 2 transporters, PentaManta's ghost, novice HaAK
D:8 Erica; Harold


Innate Abilities, Weirdness & Mutations

You are very small and have problems with some larger weapons.
You are too small for most types of armour.
You have supernaturally acute eyesight. (SInv)
You cover ground extremely quickly.


Message History

The vault guard is almost dead.
You hit the vault guard.
The vault guard is almost dead.
You catch the helpless vault guard completely off-guard!
You stick the vault guard like a pincushion!!!
You kill the vault guard!
Kikubaaqudgha accepts your kill.
Your Necromancy skill increases to level 5!
You barely miss the vault guard.
Casting: Confusing Touch (safe; 1% risk of failure)
Confirm with . or Enter, or press ? or * to list all spells.
Your hands begin to glow red.
You hit the vault guard but do no damage.
The vault guard hits you with a +1 long sword of holy wrath!
You closely miss the vault guard. You completely miss the vault guard.
You hit the vault guard but do no damage.
The vault guard hits you with a +1 long sword of holy wrath!!
You die...
Kikubaaqudgha rasps: "You have failed me!
Welcome... death!"

.####.####)# #.#
.......)..)# # #.#
#####.######.# #.#
#..#.<...# #######.##
##.##..(##.#........#
#.........#.########
####.######.# #...
#.# ...... #@#
#####..#p# .#p# #p#
#p# #(# ##.########
#.p.......#
#..######.#


You could see 5 vault guards.

Vanquished Creatures
  A vault guard (D:13)
  A two-headed ogre (D:8)
  Urug (D:12)
  An unseen horror (D:6)
  Pikel (D:8)
  A deep elf mage (D:12)
  A cyclops (D:13)
  2 manticores
  Joseph (D:8)
  2 gargoyles
  3 meliai (D:13)
  A hornet (D:7)
  5 slime creatures (D:13)
  6 yaks (D:12)
  Menkaure (D:7)
  2 ice beasts
  2 phantoms
  2 sky beasts
  3 orc warriors
  A black bear (D:7)
  A necrophage (D:7)
  4 ogres
  10 centaurs
  A lemure (D:8)
  2 big kobolds
  6 bullfrogs
  A wyvern zombie (D:12)
  A gnoll sergeant (D:7)
  A scorpion (D:6)
  4 killer bees (D:7)
  20 wights
  3 howler monkeys
  3 vampire bats (D:6)
  A bullfrog zombie (D:8)
  A jelly (D:6)
  3 hounds
  2 orc priests
  A bullfrog skeleton (D:12)
  A gnoll shaman (D:7)
  Crazy Yiuf (D:7)
  3 iguanas
  11 orc wizards
  3 worker ants
  A hound zombie (D:5)
  A hound skeleton (D:8)
  13 adders
  21 gnolls
  A shadow imp (D:5)
  2 white imps (D:6)
  An ooze (D:1)
  3 adder skeletons
  4 worms
  A dart slug (D:1)
  A leopard gecko (D:1)
  24 orcs
  2 ball pythons
  3 bat skeletons (D:6)
  A bat zombie (D:6)
  4 giant cockroaches
  8 hobgoblins
  11 jackals
  10 kobolds
  5 quokkas
  5 bats
  3 frilled lizards
  7 goblins
  A leopard gecko zombie (D:7)
  A quokka zombie (D:8)
  8 rats
264 creatures vanquished.

Vanquished Creatures (others)
  2 fungi (D:1)
  13 plants (D:9)
15 creatures vanquished.

Grand Total: 279 creatures vanquished

Notes
Turn   | Place    | Note
-------+----------+-------------------------------------------
     0 | D:1      | Groucho the Spriggan Enchanter began the quest for the Orb.
     0 | D:1      | Reached XP level 1. HP: 9/9 MP: 5/5
   283 | D:1      | Reached skill level 5 in Stealth
   414 | D:1      | Reached XP level 2. HP: 13/13 MP: 6/6
   778 | D:1      | Learned a level 2 spell: Ensorcelled Hibernation
   858 | D:1      | Reached skill level 6 in Stealth
  2081 | D:2      | Reached XP level 3. HP: 16/16 MP: 8/8
  2085 | D:2      | Learned a level 3 spell: Confusing Touch
  2973 | D:2      | Found an opulent altar of Gozag.
  3504 | D:2      | Reached skill level 7 in Stealth
  3927 | D:3      | Reached XP level 4. HP: 21/21 MP: 4/9
  4379 | D:3      | Noticed a +0 dagger
  4379 | D:3      | Noticed a +0 hand axe
  4704 | D:3      | Found a hide-covered altar of Uskayaw.
  5380 | D:4      | Found a staircase to the Ecumenical Temple.
  5390 | Temple   | Entered the Ecumenical Temple
  6711 | D:4      | Reached XP level 5. HP: 21/24 MP: 8/11
  7167 | D:5      | Entered Level 5 of the Dungeon
  7167 | D:5      | Noticed a centaur
  7171 | D:5      | Killed a centaur
  7172 | D:5      | Reached skill level 8 in Stealth
  7172 | D:5      | Reached skill level 5 in Hexes
  7179 | D:5      | Found Qarig's Antique Armour Shoppe.
  7180 | D:5      | Noticed a sky beast
  7192 | D:5      | You fall into a shaft and drop 1 floor!
  7193 | D:6      | Noticed a centaur
  7200 | D:6      | Killed a centaur
  7201 | D:6      | Reached XP level 6. HP: 28/28 MP: 10/13
  8658 | D:6      | Reached skill level 5 in Spellcasting
  8893 | D:5      | Reached skill level 9 in Stealth
  9089 | D:5      | Killed a sky beast
  9090 | D:5      | Reached XP level 7. HP: 32/32 MP: 10/16
  9405 | D:5      | Found Ramnem's Distillery.
 10298 | D:4      | Learned a level 3 spell: Dazzling Flash
 10301 | D:4      | Learned a level 2 spell: Blink
 10305 | D:4      | Learned a level 3 spell: Conjure Flame
 10309 | D:4      | Learned a level 3 spell: Mephitic Cloud
 10847 | D:5      | Reached skill level 10 in Stealth
 10871 | D:5      | Found a transporter.
 10941 | D:5      | Bought a cloak for 108 gold pieces
 10982 | D:5      | Found a transporter.
 10987 | D:5      | Noticed PentaManta's ghost (novice HaAK)
 11115 | D:5      | Reached XP level 8. HP: 36/36 MP: 6/18
 12564 | D:6      | Reached skill level 11 in Stealth
 13162 | D:6      | Noticed an unseen horror
 13680 | D:6      | Killed an unseen horror
 13681 | D:6      | Reached skill level 12 in Stealth
 13681 | D:6      | Reached XP level 9. HP: 39/39 MP: 19/22
 13946 | D:6      | Found an ancient bone altar of Kikubaaqudgha.
 13964 | D:6      | Became a worshipper of Kikubaaqudgha
 14092 | D:6      | Found a basalt altar of Yredelemnul.
 14576 | D:7      | Found a broken altar of Ashenzari.
 14643 | D:7      | Noticed Menkaure
 14681 | D:7      | Reached skill level 13 in Stealth
 15286 | D:7      | Killed Menkaure
 15287 | D:7      | Reached skill level 10 in Hexes
 15322 | D:7      | Learned a level 2 spell: Slow
 15810 | D:7      | Reached * piety under Kikubaaqudgha
 15810 | D:7      | Identified Kikubaaqudgha's Disquisition on Necromancy
                  | (Kikubaaqudgha gifted it to you on level 7 of the Dungeon)
 15810 | D:7      | Received a gift from Kikubaaqudgha
 15899 | D:7      | Reached skill level 10 in Spellcasting
 16609 | D:7      | Reached skill level 1 in Necromancy
 16609 | D:7      | Reached XP level 10. HP: 37/44 MP: 6/25
 17538 | D:7      | Reached ** piety under Kikubaaqudgha
 17749 | D:7      | Found a runed translucent door.
 17750 | D:7      | Noticed Crazy Yiuf
 18062 | D:7      | Killed Crazy Yiuf
 18242 | D:8      | Found a radiant altar of Vehumet.
 18243 | D:8      | Found a glowing silver altar of Zin.
 18249 | D:8      | Found a snail-covered altar of Cheibriados.
 18249 | D:8      | Found an ornate altar of the Wu Jian Council.
 18554 | D:8      | Noticed Pikel
 18558 | D:8      | Killed Pikel
 18559 | D:8      | Reached skill level 14 in Stealth
 18562 | D:8      | Noticed Harold
 18564 | D:8      | Noticed Joseph
 18587 | D:8      | Noticed a two-headed ogre
 18645 | D:8      | Killed Joseph
 18646 | D:8      | Reached skill level 5 in Dodging
 18654 | D:8      | Killed a two-headed ogre
 18670 | D:8      | HP: 2/44 [Harold/harpoon shot (15)]
 19259 | D:8      | Noticed Erica
 20354 | D:9      | Found Beirenk's Gadget Shop.
 20411 | D:9      | You fall into a shaft and drop 3 floors!
 20412 | D:12     | Noticed a deep elf mage
 20413 | D:12     | Killed a deep elf mage
 21032 | D:12     | Noticed a manticore
 21037 | D:12     | Killed a manticore
 21102 | D:12     | Noticed Urug
 21106 | D:12     | Killed Urug
 21107 | D:12     | Reached XP level 11. HP: 47/47 MP: 26/26
 21613 | D:12     | Reached skill level 5 in Short Blades
 22100 | D:12     | Reached skill level 15 in Stealth
 22275 | D:12     | Reached *** piety under Kikubaaqudgha
 22275 | D:12     | Identified Kikubaaqudgha's Handbook of Black Rituals
                  | (Kikubaaqudgha gifted it to you on level 12 of the Dungeon)
 22275 | D:12     | Received a gift from Kikubaaqudgha
 22367 | D:13     | Found a sacrificial altar of Ru.
 22920 | D:13     | Found a gate to the Vaults.
 22920 | D:13     | Noticed a vault guard
 22920 | D:13     | Noticed a vault guard
 22920 | D:13     | Noticed a vault guard
 22921 | D:13     | Noticed a vault guard
 22921 | D:13     | Noticed a vault guard
 22921 | D:13     | Noticed a vault guard
 22921 | D:13     | Noticed a vault guard
 22921 | D:13     | Noticed a vault guard
 22944 | D:13     | Killed a vault guard
 22945 | D:13     | Reached skill level 5 in Necromancy
 22953 | D:13     | Slain by a vault guard

Illustrated notes

Levels and vault maps discovered:
D:1:      dpeg_arrival_water_fire, layout_rooms, chequers_decorated_corner
D:2:      layout_loops_corners, nicolae_gozag_cash_rules_everything_around_me
D:3:      layout_loops_ring, dancing_weapons_uskayaw
D:4:      layout_gridville, minmay_temple_entry_ruins, serial_park_tiny_2
D:5:      layout_cave_pools, serial_shops, nicolae_shop_stone, shop,
          gammafunk_ghost_stat_death, water_boxes_lemuel
D:6:      minmay_chambers_of_fours, layout_rooms, kennysheep_vampire_church,
          lemuel_round_altar
D:7:      minmay_s_stair_smasher, layout_gridville, cheibrodos_ashenzari_chains,
          uniq_menkaure, uniq_crazy_yiuf_cottage
D:8:      layout_loops_ring, chequers_temple_overflow_statue_of_worship,
          uniq_pikel, uniq_harold, uniq_erica, uniq_joseph
D:9:      layout_roguey, amethyst_overflow_temple_binary, david_lair_shrubbed,
          serial_shops, shop, tso_altar
D:12:     layout_basic, minmay_stone_trees_large, uniq_urug
D:13:     layout_basic, erik_vaults_2, chequers_serial_rivers_micro_d,
          nicolae_ru_sacrificial_ziggurat
Temple:   nicolae_temple_figure_eight

Skill      XL: |  1  2  3  4  5  6  7  8  9 10 11 |
---------------+----------------------------------+-----
Stealth        | 5 6 7 8 9 10 12 13 14 15 | 15.5
Spellcasting   | 3 4 5 6 8 10 | 10.0
Hexes          | 4 5 6 9 10 11 | 11.9
Necromancy     | 1 3 5 |  5.0
Short Blades   | 4 6 |  6.1
Dodging        | 6 8 |  8.5

Action                   |  1- 3 |  4- 6 |  7- 9 | 10-12 || total
-------------------------+-------+-------+-------+-------++-------
Melee: Dagger            |   104 |    98 |   280 |   203 ||   685
Throw: Boomerang         |       |     1 |     4 |     2 ||     7
 Cast: Ensorcelled Hiber |    16 |    38 |   125 |    76 ||   255
       Confusing Touch   |       |     8 |    32 |    23 ||    63
  Use: Scroll            |     2 |     4 |       |     1 ||     7
       Potion            |       |     1 |     3 |     1 ||     5
 Stab: Sleeping          |    16 |    29 |    73 |    64 ||   182
       Confused          |       |     3 |    26 |    21 ||    50
Armor: Robe              |    11 |     7 |    36 |    12 ||    66
Dodge: Dodged            |    67 |    63 |   157 |    76 ||   363
Block: Other             |       |    21 |    46 |    23 ||    90
       Reflection        |       |     1 |     3 |     2 ||     6
